AoeStats
← Ustankim

Fortress

507965653Analyzed
4v4 RM · 12d ago on Sep 20, 2026· 28m 24s· 8 players
Game mode
Random Map
Map size
Huge
Population
200
Speed
Normal
Resources
Standard
Victory
Conquest
Starting age
Dark Age
Ending age
Imperial Age
RankedLock teamsTeams togetherTeam positionsShared explorationLock speedFull tech treeHidden civsTurbo modeCheats
Victory
Defeat
🇹🇼 Bohemians · Taiwan
1191
+11
🇹🇷 Celts · Türkiye
1169
+12
🇩🇰 Malay · Denmark
1163
+13
🇹🇼 Cumans · Taiwan
1137
+14
🇪🇸 Huns · Spain
1145
-15
🇺🇸 Teutons · United States
1077
-12
🇯🇵 Wu · Japan
1072
-12
🇮🇪 Romans · Ireland
1052
-11
StanTheMan
7:15 Loom
9:14 Feudal Age
13:43 Castle Age
14:35 Double-Bit Axe
14:33 Horse Collar
16:01 Bow Saw
17:28 Heavy Plow
24:02 Wheelbarrow
El Boss
1:37 Loom
10:19 Feudal Age
13:47 Castle Age
11:49 Double-Bit Axe
11:48 Horse Collar
12:01 Gold Mining
14:48 Bow Saw
18:30 Gold Shaft Mining
19:36 Heavy Plow
21:19 Wheelbarrow
26:10 Imperial Age
23:49 Murder Holes
25:39 Hand Cart
25:10 Town Watch
25:19 Fletching
25:40 Forging
25:36 Scale Barding Armor
25:49 Masonry
26:04 Husbandry
26:15 Bloodlines
27:17 Iron Casting
27:39 Conscription
Alpha Robeeert
9:28 Feudal Age
13:15 Stone Mining
15:56 Castle Age
14:02 Loom
14:03 Town Watch
16:01 Gold Mining
16:00 Double-Bit Axe
15:37 Man-at-Arms
19:38 Bow Saw
19:54 Horse Collar
19:50 Long Swordsman
20:53 Squires
20:41 Pikeman
LWwcnm
FATİH
7:39 Feudal Age
12:22 Castle Age
10:29 Double-Bit Axe
10:59 Horse Collar
13:27 Bow Saw
14:59 Heavy Plow
16:53 Gold Mining
19:15 Wheelbarrow
20:15 Hand Cart
23:55 Imperial Age
22:36 Scale Barding Armor
22:31 Scale Mail Armor
23:59 Capped Ram
24:47 Siege Ram
26:51 Conscription
26:36 Scale Mail Armor
Belladonna
2:13 Loom
5:33 Feudal Age
6:35 Double-Bit Axe
9:08 Horse Collar
17:29 Castle Age
16:44 Wheelbarrow
16:36 Loom
17:14 Bloodlines
17:11 Scale Barding Armor
17:56 Capped Ram
19:27 Chain Barding Armor
21:03 Forging
20:54 Gold Mining
31:00 Imperial Age
28:47 Hand Cart
charlie30785
7:25 Feudal Age
9:04 Double-Bit Axe
11:20 Castle Age
9:06 Horse Collar
13:54 Bow Saw
14:20 Fervor
15:42 Wheelbarrow
14:53 Loom
18:44 Hand Cart
18:16 Town Watch
23:49 Imperial Age
21:25 Heavy Plow
23:29 Scale Mail Armor
23:39 Forging
23:32 Squires
23:19 Arson
22:56 Pikeman
25:02 Conscription
24:37 Halberdier
Ustankim
8:19 Feudal Age
12:44 Castle Age
10:47 Horse Collar
11:20 Double-Bit Axe
13:06 Heavy Plow
16:05 Loom
16:58 Wheelbarrow
16:38 Bow Saw
22:53 Hand Cart
23:49 Gold Mining
23:51 Stone Mining
27:06 Imperial Age
25:57 Forging
25:57 Elite Karambit Warrior
27:14 Conscription
28:24 Iron Casting
27:54 Capped Ram
Connection lost

Rejoining the realm…

Still unreachable

The connection could not be restored.

Session expired

The server has moved on; the page needs a fresh start.